 Dungeon Crawl Stone Soup version 0.26-b1-32-g5d43845318 (webtiles) character file.

Game seed: 14532123367127399735

1235 MTVSty1e the Basher (level 8, -6/46 HPs)
             Began as a Gargoyle Fighter on Jan 9, 2021.
             Mangled by an orc warrior
             ... wielding a +0 halberd
              (15 damage)
             ... on level 6 of the Dungeon.
             The game lasted 00:05:33 (5516 turns).

MTVSty1e the Basher (Gargoyle Fighter)              Turns: 5516, Time: 00:05:33

Health: -6/46      AC: 18    Str: 21    XL:     8   Next: 49%
Magic:  8/8        EV:  3    Int: 10    God:
Gold:   279        SH:  0    Dex:  9    Spells: 7/7 levels left

rFire    . . .     SeeInvis .   a - +0 flail
rCold    + . .     Faith    .   c - +0 kite shield
rNeg     + + .     Spirit   .   t - +0 plate armour {rC+}
rPois    ∞         Reflect  .   o - +0 helmet
rElec    +         Harm     .   (no cloak)
rCorr    .         Rampage  .   (no gloves)
Will     .....                  (no boots)
Stlth    ..........             (no amulet)
HPRegen  0.15/turn              f - ring of positive energy
MPRegen  0.11/turn              r - ring of stealth

@: confused
A: negative energy resistance 1, electricity resistance, unbreathing,
petrification resistance, miasma immunity, AC +5
a: no special abilities


You were on level 6 of the Dungeon.
You visited 1 branch of the dungeon, and saw 6 of its levels.

You collected 279 gold pieces.

Inventory:

Hand Weapons
 a - a +0 flail (weapon)
Armour
 b - a +0 scale mail
 c - a +0 kite shield (worn)
 o - a +0 helmet (worn)
 t - a +0 plate armour of cold resistance (worn)
Jewellery
 f - a ring of positive energy (left hand)
 r - a ring of stealth (right hand)
Wands
 m - a wand of paralysis (2)
Scrolls
 e - a scroll of identify
 i - a scroll of magic mapping
 k - 2 scrolls of fear
Potions
 d - 2 potions of attraction
 h - a potion of brilliance {unknown}
 j - 2 potions of invisibility
 l - 2 potions of flight {unknown}
 n - 3 potions of curing
 p - a potion of heal wounds {unknown}
 q - 2 potions of might
 s - a potion of haste {unknown}
 u - a potion of berserk rage {unknown}


   Skills:
 + Level 3.3 Fighting
 * Level 10.1 Maces & Flails
 - Level 3.2 Armour
 - Level 3.2 Shields


You had 7 spell levels left.
You didn't know any spells.
Your spell library contained the following spells:

 Spells                   Type           Power        Failure   Level
 Animate Skeleton         Necr           0%           100%        1
 Apportation              Tloc           0%           100%        1
 Corona                   Hex            0%           100%        1
 Freeze                   Ice            0%           100%        1
 Summon Small Mammal      Summ           0%           100%        1
 Frozen Ramparts          Ice            0%           100%        3
 Ozocubu's Armour         Ice            0%           100%        3
 Hailstorm                Conj/Ice       0%           100%        4
 Summon Ice Beast         Ice/Summ       0%           100%        4


Dungeon Overview and Level Annotations

Branches:
Dungeon (6/15)
 Temple: D:4-7

Altars:
Dithmenos
Fedhas
Hepliaklqana
Wu Jian
Yredelemnul
The Shining One

Shops:
D:6 *


Innate Abilities, Weirdness & Mutations

You are resistant to torment.
Your stone body is resilient. (AC +5)
You are immune to poison.
You resist negative energy. (rN+)
You are resistant to electric shocks. (rElec)
You can survive without breathing.
You are immune to petrification.
You are immune to miasma.


Message History

The orc warrior hits you with a +0 halberd!
* * * LOW HITPOINT WARNING * * *
Something hits you but does no damage.
You sock the orc warrior!
The orc warrior is severely wounded.
You hear some strange, mumbled words.
You are confused.
The orc warrior hits you with a +0 halberd.
* * * LOW HITPOINT WARNING * * *
You feel better. Something completely misses you.
The orc warrior completely misses you.
It was a potion of ambrosia.
You are confused.
You feel invigorated.
You hear some strange, mumbled words.
A magic dart appears from out of thin air!
The magic dart hits you!
* * * LOW HITPOINT WARNING * * *
The orc warrior hits you with a +0 halberd!
You die...

#..#...<...#
#.###..#..#......#
#.#....#...........
...#....####.##.##
..).>..... .# .#
#####....#..# ..
#........... .##
.........#.#
.......@o#.#
...##.#{)#.# ...
##†#.# ... #...#
..... #...#
#^....##...# .
.........#
....##..## ### #..#


You could see an orc warrior.

Vanquished Creatures
  Sigmund (D:2)
  An ice beast (D:5)
  A phantom (D:5)
  A centaur (D:3)
  2 bullfrogs (D:6)
  A water moccasin zombie (D:5)
  A howler monkey (D:4)
  A quasit (D:5)
  An orc priest (D:6)
  A gnoll shaman (D:5)
  An iguana (D:4)
  An orc wizard (D:5)
  Natasha (thrice) (D:2)
  6 worker ants
  2 hound skeletons
  A worker ant zombie (D:6)
  8 gnolls
  3 adders (D:3)
  2 oozes (D:1)
  An adder zombie (D:6)
  A worm (D:2)
  6 leopard geckos
  7 orcs
  3 giant cockroaches
  10 goblins
  9 hobgoblins
  4 jackals
  2 quokkas
  A ball python (D:2)
  13 bats
  8 frilled lizards
  7 kobolds
  5 rats
115 creatures vanquished.

Notes
Turn   | Place    | Note
-------+----------+-------------------------------------------
     0 | D:1      | MTVSty1e the Gargoyle Fighter began the quest for the Orb.
     0 | D:1      | Reached XP level 1. HP: 14/14 MP: 1/1
    69 | D:1      | Reached XP level 2. HP: 17/19 MP: 2/2
   124 | D:1      | Reached skill level 3 in Maces & Flails
   209 | D:1      | Reached XP level 3. HP: 23/23 MP: 3/3
   829 | D:2      | Reached skill level 4 in Maces & Flails
   885 | D:2      | Noticed Sigmund
   900 | D:2      | Killed Sigmund
   901 | D:2      | Reached skill level 5 in Maces & Flails
   901 | D:2      | Reached XP level 4. HP: 26/28 MP: 4/4
   901 | D:2      | Reached XP level 5. HP: 30/32 MP: 5/5
   927 | D:2      | Noticed Natasha
   929 | D:2      | Killed Natasha
   930 | D:2      | Reached skill level 6 in Maces & Flails
   930 | D:2      | Reached XP level 6. HP: 37/37 MP: 6/6
   958 | D:2      | Found a basalt altar of Yredelemnul.
  1123 | D:2      | Noticed Natasha
  1149 | D:2      | Killed Natasha
  1413 | D:2      | Noticed Natasha
  1435 | D:2      | Killed Natasha
  1858 | D:3      | Reached skill level 7 in Maces & Flails
  2132 | D:3      | Found a shadowy altar of Dithmenos.
  2319 | D:3      | Reached XP level 7. HP: 41/41 MP: 7/7
  2607 | D:3      | Found a faded altar of an unknown god.
  2607 | D:3      | Found a faded altar of an unknown god.
  2612 | D:3      | Found a glowing golden altar of the Shining One.
  2614 | D:3      | Found a hazy altar of Hepliaklqana.
  2616 | D:3      | Found an ornate altar of the Wu Jian Council.
  2927 | D:4      | Found a blossoming altar of Fedhas.
  3324 | D:4      | Reached skill level 8 in Maces & Flails
  3572 | D:5      | Entered Level 5 of the Dungeon
  4328 | D:5      | Reached skill level 9 in Maces & Flails
  4343 | D:5      | Reached XP level 8. HP: 38/46 MP: 8/8
  4763 | D:6      | Found Dlog's Desiderata Depot.
  5504 | D:6      | Reached skill level 10 in Maces & Flails
  5513 | D:6      | HP: 1/46 [orc warrior/+0 halberd (3)]
  5516 | D:6      | Mangled by an orc warrior

Illustrated notes

Levels and vault maps discovered:
D:1:      lightli_arrival_lavapool, layout_basic
D:2:      layout_loops_cross, lemuel_doored_altar, uniq_sigmund, uniq_natasha
D:3:      layout_rooms, chequers_temple_overflow_minitemple,
          nicolae_dithmenos_shadow_blocks, chequers_serial_rivers_micro_c
D:4:      layout_loops_ring, nicolae_overflow_crystal_walls
D:5:      layout_loops_ring
D:6:      layout_basic, grunt_ministairs_4, nicolae_alphabet_shops

Skill      XL: |  1  2  3  4  5  6  7  8 |
---------------+-------------------------+-----
Maces & Flails | 3 5 6 7 9 10 | 10.1
Fighting       | |  3.3
Armour         | |  3.2
Shields        | |  3.2

Action                   |  1- 3 |  4- 6 |  7- 9 || total
-------------------------+-------+-------+-------++-------
Melee: Flail             |   165 |   141 |   291 ||   597
  Use: Potion            |       |     1 |     2 ||     3
       Scroll            |       |       |     9 ||     9
Armor: Scale mail        |   112 |    98 |   151 ||   361
       Plate armour      |       |       |    26 ||    26
Dodge: Dodged            |    65 |    57 |    75 ||   197
Block: Kite shield       |   108 |    72 |   125 ||   305
